 Dungeon Crawl Stone Soup version 0.26-a0-597-gb535b0901c (webtiles) character file.

Game seed: 5553050873871074186

57 Alarkh the Insei (level 3, -2/29 HPs)
             Began as a Demonspawn Monk on Sept 2, 2020.
             Slain by a gnoll (9 damage)
             ... on level 2 of the Dungeon.
             The game lasted 00:01:21 (957 turns).

Alarkh the Insei (Demonspawn Monk)                   Turns: 957, Time: 00:01:21

Health: -2/29      AC:  2    Str: 11    XL:     3   Next: 73%
Magic:  3/3        EV: 13    Int: 12    God:
Gold:   57         SH:  0    Dex: 15    Spells: 2/2 levels left

rFire    . . .     SeeInvis .     - Unarmed
rCold    . . .     Faith    .   (no shield)
rNeg     . . .     Spirit   .   a - +0 robe
rPois    .         Reflect  .   (no helmet)
rElec    .         Harm     .   (no cloak)
rCorr    .                      (no gloves)
MR       .....                  (no boots)
Stlth    ++........             (no amulet)
HPRegen  0.09/turn              (no ring)
MPRegen  0.08/turn              (no ring)

@: no status effects
A: powered by death 2
a: no special abilities


You were on level 2 of the Dungeon.
You visited 1 branch of the dungeon, and saw 2 of its levels.

You collected 57 gold pieces.

Inventory:

Armour
 a - a +0 robe (worn)
Wands
 g - a wand of polymorph (9)
Scrolls
 c - a scroll of fear {unknown}
 d - a scroll of fog {unknown}
 f - a scroll of amnesia {unknown}
Potions
 b - a potion of stabbing {unknown}
 e - a potion of haste {unknown}


   Skills:
 + Level 3.6 Fighting
 - Level 2.6 Dodging
 - Level 1.7 Stealth
 * Level 3.9 Unarmed Combat


You had 2 spell levels left.
You didn't know any spells.
Your spell library was empty.

Dungeon Overview and Level Annotations

Branches:
Dungeon (2/15)

Altars:


Innate Abilities, Weirdness & Mutations

You regenerate health from kills.


Message History

The gnoll hits you.
You hit the gnoll.
The gnoll is moderately wounded.
The gnoll hits you.
You hit the gnoll.
The gnoll is severely wounded.
The gnoll hits you.
You are too injured to fight recklessly!
You are too injured to fight recklessly!
You are too injured to fight recklessly!
You hit the gnoll.
The gnoll is almost dead.
You hit the gnoll but do no damage.
The gnoll is almost dead.
The gnoll hits you.
* * * LOW HITPOINT WARNING * * *
You hit the gnoll.
The gnoll is almost dead.
The gnoll hits you!
You die...

#.#...........
#.#.##......#.
#......#.##.#
###..##.... #
#....#.###
#.##.#.# #.#
.... #.# #?##
#@# ).. #g# ##
... #...#
#(... #..###
...# ##.#


You could see a gnoll.

Vanquished Creatures
  A gnoll (D:2)
  5 dart slugs (D:1)
  4 giant cockroaches (D:1)
  7 goblins (D:1)
  2 hobgoblins (D:1)
  7 kobolds (D:1)
  A ball python (D:1)
  4 bats (D:1)
  A frilled lizard (D:1)
  2 rats (D:1)
34 creatures vanquished.

Vanquished Creatures (others)
  A bat (D:1)
  A hobgoblin (D:1)
2 creatures vanquished.

Grand Total: 36 creatures vanquished

Notes
Turn   | Place    | Note
-------+----------+-------------------------------------------
     0 | D:1      | Alarkh the Demonspawn Monk began the quest for the Orb.
     0 | D:1      | Reached XP level 1. HP: 18/18 MP: 1/1
    72 | D:1      | Gained mutation: You regenerate a little health from kills.
                  | [demonic ancestry]
    72 | D:1      | Reached XP level 2. HP: 7/24 MP: 2/2
   564 | D:1      | Gained mutation: You regenerate health from kills. [demonic
                  | ancestry]
   564 | D:1      | Reached XP level 3. HP: 24/29 MP: 3/3
   957 | D:2      | Slain by a gnoll

Illustrated notes

Levels and vault maps discovered:
D:1:      dpeg_arrival_tiny_a, layout_basic, lemuel_flame_loot_1
D:2:      minmay_alternating_diamond, layout_basic, marbit_many_paths,
          chequers_ecumenical_altar_simple, uniq_crazy_yiuf_cottage

Skill      XL: |  1 |
---------------+----+-----
Unarmed Combat | 3 |  3.9
Fighting       | |  3.6
Dodging        | |  2.6
Stealth        | |  1.7

Action                   || total
-------------------------++-------
Melee: Unarmed           ||   118
       Punch             ||     2
 Stab: Sleeping          ||     2
Armor: Robe              ||    16
Dodge: Dodged            ||    88

Table legend: (Time is in decaauts)
 A = Elapsed time spent in this place.
 B = Non-inter-level travel time spent in this place.
 C = Inter-level travel time spent in this place.
 D = Time resting spent in this place.
 E = Time spent auto-exploring this place.
 F = Levels seen in this place.
 G = Mean time per level.
                   A        B        C        D        E       F      G
               +--------+--------+--------+--------+--------+-----+--------+
         Total |    949 |    938 |     11 |    219 |    453 |   2 |  474.5 |
       Dungeon |    949 |    938 |     11 |    219 |    453 |   2 |  474.5 |
               +--------+--------+--------+--------+--------+-----+--------+

Top non-repeatable levels by time:
     D:1: 920 daAuts
     D:2: 28 daAuts
